 Dungeon Sprint DCSS version 0.30-a0-1160-g6e42c06551 (webtiles) character file.

Game seed: 10411805209777291367

96 sircluck the Cleaver (level 4, -15/70 HPs)
             Began as a Hill Orc Berserker on Apr 26, 2023.
             Was a Believer of Trog.
             Killed from afar by an oklob sapling priest (21 damage)
             ... with a splash of acid
             ... in the Dungeon (Sprint IV: "Fedhas' Mad Dash").
             The game lasted 00:00:50 (229 turns).

sircluck the Cleaver (Hill Orc Berserker)            Turns: 229, Time: 00:00:50

Health: -15/70     AC: -5    Str: 21    XL:     4   Next: 67%
Magic:  4/4        EV: 12    Int:  7    God:    Trog [**....]
Gold:   24         SH:  0    Dex: 10    Spells: 3/3 levels left

rFire   . . .        a - +0 hand axe
rCold   . . .        (no shield)
rNeg    . . .        b - +0 animal skin
rPois   .            (no helmet)
rElec   .            (no cloak)
rCorr   .            (no gloves)
SInv    .            (no boots)
Will    .....        j - amulet of invisibility {+Inv} Stlth
                     (no ring)
HPRegen 0.31/turn    (no ring)
MPRegen 0.09/turn

%: no teleportation
@: berserking, corroded, very slightly contaminated, very quick
A: no striking features
a: Renounce Religion, Evoke Invisibility, Berserk, Trog's Hand


You were in the Dungeon.
You worshipped Trog.
Trog was pleased with you.
You visited 1 branch You collected 24 gold pieces.

Inventory:

Hand Weapons
 a - a +0 hand axe (weapon)
Armour
 b - a +0 animal skin (worn)
Jewellery
 j - the amulet of invisibility (around neck) {+Inv}
   (You found it in the Dungeon)

   [amulet of nothing]

   +Inv:      It lets you turn invisible.
Scrolls
 h - a scroll of blinking
 i - a scroll of enchant armour {unknown}
Potions
 c - a potion of curing
 d - a potion of heal wounds
 e - a potion of haste
 f - 2 potions of magic
 g - a potion of berserk rage


   Skills:
 + Level 7.1 Fighting
 + Level 8.5 Axes
 + Level 3.5 Armour
 + Level 3.0 Dodging


You had 3 spell levels left.
You didn't know any spells.
Your spell library was empty.

Dungeon Overview and Level Annotations

Branches:
Dungeon (1/1)

Altars:
Cheibriados
Dithmenos
Elyvilon
Gozag
Hepliaklqana
Kikubaaqudgha
Makhleb
Nemelex Xobeh
Okawaru
Qazlal
Ru
Sif Muna
Trog
Uskayaw
Vehumet
Wu Jian
Xom
Yredelemnul
Zin
The Shining One
Beogh
Jiyva
Lugonu

Annotations:
D exclusion: oklob sapling


Message History

The oklob sapling priest miscasts a cantrip.
You catch the helpless oklob sapling priest completely off-guard!
You hit the oklob sapling priest but do no damage.
You hit the oklob sapling priest but do no damage.
You hit the oklob sapling priest but do no damage.
You catch the helpless oklob sapling priest completely off-guard!
You hit the oklob sapling priest.
The oklob sapling priest is lightly damaged.
You flicker for a moment.
You completely miss the oklob sapling priest.
The oklob sapling priest is lightly damaged.
You hit the oklob sapling priest but do no damage.
The oklob sapling priest is lightly damaged.
You hit the oklob sapling priest but do no damage.
The oklob sapling priest is lightly damaged.
You hit the oklob sapling priest but do no damage.
The oklob sapling priest is lightly damaged.
You hit the oklob sapling priest but do no damage.
The oklob sapling priest is lightly damaged.
You catch the helpless oklob sapling priest completely off-guard!
You hit the oklob sapling priest but do no damage.
The oklob sapling priest is lightly damaged.
You flicker back into view.
The oklob sapling priest spits acid at you.
The splash of acid hits you! The acid corrodes you!
You hit the oklob sapling priest but do no damage.
The oklob sapling priest is lightly damaged.
The oklob sapling priest spits acid at you.
The splash of acid hits you!!
Ouch! That really hurt!
* * * LOW HITPOINT WARNING * * *
The acid corrodes you!
A red film seems to cover your vision as you go berserk!
You feel yourself moving faster!
You feel mighty!
The oklob sapling priest looks encouraged for a moment.
You hit the oklob sapling priest.
The oklob sapling priest is lightly damaged.
The oklob sapling priest spits acid at you.
The splash of acid hits you!!
You die...

########################
...#.....#.⌠._._._._.⌠.#
...'.#...'.._._.@._._..+
...#.#...#..._._P_._...#
#######+##.._._._._._..#
#._._._._._.⌠.#
###############


You could see an oklob sapling priest.

Vanquished Creatures
  A scorpion (D)
  An oklob sapling (D)
  A river rat (D)
  A rat (D)
4 creatures vanquished.

Notes
Turn   | Place    | Note
-------+----------+-------------------------------------------
     0 | D        | sircluck the Hill Orc Berserker began the quest for the
                  | Orb.
     0 | D        | Reached XP level 1. HP: 19/19 MP: 1/1
    13 | D        | Reached skill level 5 in Axes
    13 | D        | Reached XP level 2. HP: 17/28 MP: 2/2
    62 | D        | Noticed an oklob sapling
    67 | D        | Killed an oklob sapling
    67 | D        | Reached ** piety under Trog
    68 | D        | Reached skill level 5 in Fighting
    68 | D        | Reached skill level 6 in Axes
    68 | D        | Reached XP level 3. HP: 15/37 MP: 3/3
   143 | D        | Noticed a scorpion
   143 | D        | Found the amulet of invisibility {+Inv}
   150 | D        | Killed a scorpion
   151 | D        | Reached skill level 8 in Axes
   151 | D        | Reached XP level 4. HP: 47/47 MP: 4/4
   204 | D        | Found an opulent altar of Gozag.
   204 | D        | Found a hazy altar of Hepliaklqana.
   204 | D        | Found a burning altar of Makhleb.
   204 | D        | Found a roughly hewn altar of Beogh.
   204 | D        | Found a sparkling altar of Nemelex Xobeh.
   204 | D        | Found a snail-covered altar of Cheibriados.
   204 | D        | Found a sacrificial altar of Ru.
   204 | D        | Found a shimmering blue altar of Sif Muna.
   204 | D        | Found a shimmering altar of Xom.
   204 | D        | Found a basalt altar of Yredelemnul.
   205 | D        | Found a viscous altar of Jiyva.
   205 | D        | Found a bloodstained altar of Trog.
   205 | D        | Found an ornate altar of the Wu Jian Council.
   205 | D        | Noticed an oklob sapling priest
   208 | D        | Found an iron altar of Okawaru.
   208 | D        | Found a shadowy altar of Dithmenos.
   208 | D        | Found a glowing silver altar of Zin.
   209 | D        | Found an ancient bone altar of Kikubaaqudgha.
   209 | D        | Found a hide-covered altar of Uskayaw.
   210 | D        | Found a stormy altar of Qazlal.
   210 | D        | Found a white marble altar of Elyvilon.
   210 | D        | Found a glowing golden altar of the Shining One.
   211 | D        | Found a corrupted altar of Lugonu.
   211 | D        | Found a radiant altar of Vehumet.
   229 | D        | Killed from afar by an oklob sapling priest

Illustrated notes

Levels and vault maps discovered:
D:        dungeon_sprint_fedhas [sprint_temple]

Skill      XL: |  1  2  3 |
---------------+----------+-----
Fighting       | 4 5 7 |  7.1
Axes           | 5 6 8 |  8.5
Armour         | 3 |  3.5
Dodging        | 2 3 |  3.0

Action                     |  1- 3 |  4- 6 || total
---------------------------+-------+-------++-------
  Melee: Hand axe          |    20 |    14 ||    34
 Invoke: Berserk           |     2 |     1 ||     3
Ability: Evoke Invisibilit |       |     1 ||     1
   Stab: Invisible         |       |     4 ||     4
  Dodge: Dodged            |     9 |     1 ||    10

Table legend: (Time is in decaauts)
 A = Elapsed time spent in this place.
 B = Non-inter-level travel time spent in this place.
 C = Inter-level travel time spent in this place.
 D = Time resting spent in this place.
 E = Time spent auto-exploring this place.
 F = Levels seen in this place.
 G = Mean time per level.
                   A        B        C        D        E       F      G
               +--------+--------+--------+--------+--------+-----+--------+
         Total |    249 |    249 |      0 |     24 |     46 |   1 |  249.0 |
       Dungeon |    249 |    249 |      0 |     24 |     46 |   1 |  249.0 |
               +--------+--------+--------+--------+--------+-----+--------+

Top non-repeatable levels by time:
       D: 249 daAuts
